 Dungeon Crawl Stone Soup version 0.28.0-43-g3370ac3207 (webtiles) character file.

Game seed: 2580450862745012626

1 Descartes the Grave Robber (level 1, 0/7 HPs)
             Began as a Felid Wanderer on Mar 25, 2022.
             Killed from afar by a dart slug (5 damage)
             ... with a slug dart
             ... on level 1 of the Dungeon.
             The game lasted 00:00:45 (15 turns).

Descartes the Grave Robber (Felid Wanderer)           Turns: 15, Time: 00:00:45

Health: 0/7        AC:  1    Str:  4    XL:     1   Next: 16%
Magic:  4/4        EV: 17    Int: 18    God:
Gold:   0          SH:  0    Dex: 14    Spells: 3/4 levels left
                                        Lives:  0   Deaths: 0

rFire   . . .      SeeInvis +   (weapon unavailable)
rCold   . . .      Faith    .   (shield unavailable)
rNeg    . . .      Spirit   .   (armour unavailable)
rPois   .          Reflect  .   (helmet unavailable)
rElec   .          Harm     .   (cloak unavailable)
rCorr   .          Rampage  .   (gloves unavailable)
Will    .....                   (boots unavailable)
Stlth   +.........              (no amulet)
HPRegen 0.02/turn               (no ring)
MPRegen 0.09/turn               (no ring)

@: quick
A: very small, claws 1, fangs 3, see invisible, speed 1, shaggy fur 1, stealthy
paws, no weapons or thrown items, no armour, multi-lived
a: no special abilities


You were on level 1 of the Dungeon.
You visited 1 branch of the dungeon, and saw 1 of its levels.

You aren't carrying anything.


   Skills:
 + Level 2.7 Dodging
 + Level 0.2 Stealth
 + Level 0.1 Unarmed Combat
 - Level 2.0 Spellcasting
 + Level 1.6 Hexes
 - Level 4.0 Necromancy
 - Level 1.1 Evocations


You had 3 spell levels left.
You knew the following spells:

 Your Spells              Type           Power      Damage    Failure   Level
a - Pain                  Necr           64%        1d7       3%          1

Your spell library contained the following spells:

 Spells                   Type           Power      Damage    Failure   Level
 Animate Skeleton         Necr           32%        N/A       3%          1
 Slow                     Hex            28%        N/A       10%         1
 Confusing Touch          Hex            7%         N/A       28%         3
 Animate Dead             Necr           8%         N/A       34%         4


Dungeon Overview and Level Annotations

Branches:
Dungeon (1/15)

Altars:


Innate Abilities, Weirdness & Mutations

You have sharp claws.
You have razor-sharp teeth.
You have supernaturally acute eyesight. (SInv)
You cover ground quickly. (Speed+)
You are covered in fur. (AC +1)
Your paws help you pounce on unaware monsters.
You are incapable of wielding weapons or throwing items.
You cannot wear armour.
You gain extra lives every three experience levels.


Message History

Welcome, Descartes the Felid Wanderer.
You feel drawn to the Orb of Zot, downwards into the unfathomable depths...
Press ? for a list of commands and other information.
Found a staircase leading out of the dungeon.
You begin with the following spells available to memorise: Animate Skeleton, Pain, Slow, Confusing Touch, Animate Dead.
Unknown command.
You aren't carrying any potions.
You don't know any spells.
Memorise Pain, consuming 1 spell level and leaving 3?
You start memorising the spell.
You continue memorising.
You finish memorising.
Spell assigned to 'a'.
You open the door.
An endoplasm comes into view.
There is an open door here.
Casting: Pain (safe; 3% risk of failure)
Confirm with . or Enter, or press ? or * to list all spells.
You can't see any susceptible monsters within range! (Use Z to cast anyway.)
A dart slug comes into view.
You scratch the endoplasm. Your bite misses the endoplasm.
The endoplasm is almost dead.
The endoplasm freezes you.
You are frozen.
You scratch the endoplasm but do no damage.
The endoplasm is almost dead.
The endoplasm barely misses you.
You scratch the endoplasm.
You kill the endoplasm!
You scratch the dart slug.
The dart slug is moderately wounded.
You scratch the dart slug.
The dart slug is severely wounded.
The dart slug launches a dart at you. The slug dart hits you.
Ouch! That really hurt!
You die...

#<.........+
#...8..8..8#
#..........#
#.8#.######
####'# #.#
#.# #.# #@#
#w# #.# ...
##. .# .# .#


You could see a dart slug.

Vanquished Creatures
  An endoplasm (D:1)
1 creature vanquished.

Notes
Turn   | Place    | Note
-------+----------+-------------------------------------------
     0 | D:1      | Descartes the Felid Wanderer began the quest for the Orb.
     0 | D:1      | Descartes set off with the following spells available to
                  | memorise: Animate Skeleton, Pain, Slow, Confusing Touch,
                  | Animate Dead
     0 | D:1      | Reached XP level 1. HP: 7/7 MP: 4/4
     2 | D:1      | Learned a level 1 spell: Pain
    15 | D:1      | Killed from afar by a dart slug

Illustrated notes

Levels and vault maps discovered:
D:1:      elethiomel_arrival_quiet, layout_loops_ring,
          shapermc_ecumenical_altar_mp_ritualfount

Action                   || total
-------------------------++-------
Melee: Unarmed           ||     5
Dodge: Dodged            ||     1
